 Dungeon Crawl Stone Soup version 0.17-a0-2220-g6fea741 (webtiles) character file.

73 fredomojojo the Sneak (level 4, -2/33 HPs)
             Began as a Vampire Assassin on Oct 28, 2015.
             Killed from afar by tp1's ghost (8 damage)
             ... with a magic dart
             ... on level 3 of the Dungeon.
             The game lasted 00:16:54 (1417 turns).

fredomojojo the Sneak (Vampire Assassin)            Turns: 1417, Time: 00:16:54

Health: -2/33      AC:  3    Str: 10    XL:     4   Next: 8%
Magic:  4/4        EV: 12    Int: 13    God:
Gold:   69         SH:  0    Dex: 16    Spells: 0 memorised, 3 levels left

rFire  . . .     SeeInvis +     a - +2 dagger
rCold  . . .     Clarity  .     c - +0 robe
rNeg   + . .     SustAt   .     (no shield)
rPois  .         Gourm    .     (no helmet)
rElec  .         Spirit   .     d - +0 cloak
rCorr  .         Warding  .     (no gloves)
rMut   .         Stasis   .     (no boots)
MR     .....                    (no amulet)
Stlth  ++++......               (no ring)
                                (no ring)

@: not resistant to hostile enchantments, stealthy
A: fangs 3, see invisible, unbreathing
a: Bat Form


You were on level 3 of the Dungeon.
You were not thirsty.

You visited 1 branch of the dungeon, and saw 3 of its levels.

You collected 69 gold pieces.

Inventory:

Hand Weapons
 a - a +2 dagger (weapon)
 b - a +0 blowgun
 s - a +0 hunting sling
Missiles
 e - 25 poisoned needles
 f - 2 curare-tipped needles
 i - 32 stones (quivered)
Armour
 c - a +0 robe (worn)
 d - a +0 cloak (worn)
Jewellery
 j - a cursed amulet of the gourmand {unknown}
Scrolls
 h - 2 scrolls of immolation {unknown}
 k - 5 scrolls of teleportation {unknown}
 l - a scroll of recharging {unknown}
 m - a scroll of identify {unknown}
 p - a scroll of enchant armour {unknown}
 q - a scroll of enchant weapon {unknown}
 r - a scroll of remove curse {unknown}
Potions
 g - 13 potions of blood
 n - a potion of mutation {unknown}
 o - a potion of curing {unknown}
 t - a potion of heal wounds {unknown}
 u - a potion of poison {unknown}


   Skills:
 + Level 1.9 Fighting
 + Level 2.3 Short Blades
 + Level 1.7 Throwing
 + Level 1.9 Dodging
 + Level 7.8 Stealth


You had 3 spell levels left.
You didn't know any spells.

Dungeon Overview and Level Annotations

Branches:
Dungeon (3/15)

Altars:
Kikubaaqudgha
Makhleb

Annotations:
D:3 tp1's ghost, amateur DECj


Innate Abilities, Weirdness & Mutations

You have razor-sharp teeth.
You have supernaturally acute eyesight.
You can survive without breathing.


Message History

You see here a meat ration.
There is a stone staircase leading down here.
You climb downwards.
Level annotation: tp1's ghost, amateur DECj
There is a stone staircase leading up here.
Tp1's ghost turns its malevolent gaze towards you.
Tp1's ghost gestures at you while chanting.
The magic dart hits you!
Tp1's ghost points at you and mumbles some strange words.
The magic dart hits you! Tp1's ghost casts a spell at you.
The magic dart hits you! Tp1's ghost casts a spell at you.
The magic dart hits you! Tp1's ghost casts a spell at you.
The magic dart hits you!
* * * LOW HITPOINT WARNING * * *
Tp1's ghost casts a spell at you. The magic dart hits you!
You die...

#.†......#.#####.##
#..#W#####.# #).W.#
.# ...#.# #.#
#....# # .# W..#.#
#.# #....# .###.#
...#.#####.# #....#
.... ##.#..W..W.#
###.## ...####
...######### #.#
#.....# #### #.#
#...# #@# #<..#
#.#######.###
#.........#
###########


You could see tp1's ghost.

Vanquished Creatures
  3 adders (D:2)
  A gnoll (D:1)
  2 worms
  An orc (D:3)
  2 bats (D:2)
  A giant cockroach (D:2)
  A hobgoblin (D:2)
  3 jackals (D:1)
  8 kobolds
  5 giant newts (D:2)
  2 goblins
  4 rats
33 creatures vanquished.

Notes
Turn   | Place    | Note
--------------------------------------------------------------
     0 | D:1      | fredomojojo the Vampire Assassin began the quest for the Orb.
     0 | D:1      | Reached XP level 1. HP: 16/16 MP: 1/1
    19 | D:1      | Reached skill level 6 in Stealth
   347 | D:2      | Found a burning altar of Makhleb.
   359 | D:2      | Reached XP level 2. HP: 19/22 MP: 2/2
   438 | D:2      | Reached XP level 3. HP: 27/27 MP: 3/3
   550 | D:1      | Reached skill level 7 in Stealth
   834 | D:2      | Found an ancient bone altar of Kikubaaqudgha.
  1240 | D:3      | Reached XP level 4. HP: 33/33 MP: 4/4
  1246 | D:3      | Noticed tp1's ghost (amateur DECj)
  1417 | D:3      | Killed from afar by tp1's ghost

Vault maps used:
D:1:      minmay_arrival_nine_rooms
D:2:      minitemple, kennysheep_boxes
D:3:      nicolae_overflow_hidden_temple, nicolae_overflow_crystal_walls,
          old_standard_altar, uniq_sigmund

Action                   |  1- 3 |  4- 6 || total
-------------------------+-------+-------++-------
Melee: Dagger            |    84 |     3 ||    87
 Fire: Blowgun           |     1 |       ||     1
  Use: Potion            |     1 |       ||     1
 Stab: Sleeping          |    14 |     1 ||    15
       Distracted        |     1 |       ||     1
